 Dungeon Crawl Stone Soup version 0.29.1-1-gd02db6906a (webtiles) character file.

Game seed: 3577870234584427016

42 gelatine the Shield-Bearer (level 3, -9/33 HPs)
             Began as a Minotaur Fighter on Sept 21, 2022.
             Killed by divine providence
             ... invoked by an orc priest
              (15 damage)
             ... on level 2 of the Dungeon.
             The game lasted 00:01:47 (809 turns).

gelatine the Shield-Bearer (Minotaur Fighter)        Turns: 809, Time: 00:01:47

Health: -9/33      AC:  7    Str: 22    XL:     3   Next: 35%
Magic:  2/2        EV:  9    Int:  5    God:
Gold:   43         SH:  0    Dex:  9    Spells: 2/2 levels left

rFire   . . .      SeeInvis .   a - +0 war axe
rCold   . . .      Faith    .   c - +0 buckler
rNeg    . . .      Spirit   .   b - +0 scale mail
rPois   .          Reflect  .   (helmet restricted)
rElec   .          Harm     .   (no cloak)
rCorr   .          Rampage  .   (no gloves)
Will    .....                   (no boots)
Stlth   ..........              (no amulet)
HPRegen 0.11/turn               (no ring)
MPRegen 0.08/turn               (no ring)

@: confused
A: horns 2, retaliatory headbutt
a: no special abilities


You were on level 2 of the Dungeon.
You visited 1 branch of the dungeon, and saw 2 of its levels.

You collected 43 gold pieces.

Inventory:

Hand Weapons
 a - a +0 war axe (weapon)
Missiles
 e - 5 poisoned darts (quivered)
Armour
 b - a +0 scale mail (worn)
 c - a +0 buckler (worn)
Scrolls
 h - 3 scrolls of teleportation {unknown}
 k - 2 scrolls of identify {unknown}
Potions
 d - a potion of might
 f - a potion of mutation {unknown}
 g - 2 potions of cancellation {unknown}
 i - a potion of invisibility {unknown}
 j - a potion of heal wounds {unknown}
 l - a potion of brilliance {unknown}
 m - a potion of curing {unknown}


   Skills:
 + Level 4.2 Fighting
 + Level 2.9 Axes
 + Level 4.1 Armour
 + Level 0.1 Dodging
 + Level 4.2 Shields


You had 2 spell levels left.
You didn't know any spells.
Your spell library contained the following spells:

 Spells                   Type           Power      Damage    Failure   Level
 Magic Dart               Conj           0%         1d3       87%         1
 Searing Ray              Conj           0%         2d4       95%         2
 Fulminant Prism          Conj/Hex       0%         3d6       100%        4


Dungeon Overview and Level Annotations

Branches:
Dungeon (2/15)

Altars:


Innate Abilities, Weirdness & Mutations

You have a pair of horns on your head.
You reflexively headbutt those who attack you in melee.


Message History

There is a stone staircase leading up here.
An orc wizard comes into view.
It is wielding a +0 dagger and wearing a +2 robe of positive energy.
The orc wizard shouts!
The hobgoblin completely misses you.
You hit the hobgoblin.
The hobgoblin is almost dead.
The hobgoblin barely misses you.
You closely miss the hobgoblin. Your headbutt misses the hobgoblin.
The hobgoblin is almost dead.
The hobgoblin hits you but does no damage.
The orc wizard mumbles some strange words.
The orc wizard flickers and vanishes!
Deactivating autopickup; reactivate with Ctrl-A.
You slash the hobgoblin!
You kill the hobgoblin!
You slash the orc!
You kill the orc!
You slash the orc priest! You block the orc priest's attack.
A magic dart appears from out of thin air!
The magic dart hits you! The orc priest hits you with a +0 club.
You hit the orc priest. Your headbutt misses the orc priest.
The orc priest is severely wounded.
The orc priest closely misses you.
You are confused.
The orc priest attacks as you move away!
The orc priest closely misses you.
The orc priest calls down the wrath of Beogh upon you.
Pain shoots through your body!
There is a stone staircase leading up here.
You bump into the rock wall.
The orc priest hits you but does no damage.
You closely miss the orc priest. Your headbutt misses the orc priest.
The orc priest is severely wounded.
The orc priest hits you with a +0 club. Something hits you but does no damage.
The orc priest attacks as you move away!
The orc priest hits you with a +0 club.
* * * LOW HITPOINT WARNING * * *
The orc priest calls down the wrath of Beogh upon you.
Beogh smites you!
You die...

#...............
..............#
............)# .
#...........#..
...#......... ##.
#.#..)......
.....#.o.........
.................
.#.#...#@........
#.#.#.........
...#.#.........
.... ............
... ............
#.. #..##.##....#
... .. .... .. ##
...


You could see an orc priest.

Vanquished Creatures
  3 dart slugs (D:1)
  An orc (D:2)
  6 ball pythons (D:1)
  4 bats (D:1)
  3 endoplasms (D:1)
  4 goblins (D:1)
  2 hobgoblins
  4 kobolds (D:1)
  A quokka (D:1)
  4 frilled lizards (D:1)
  3 rats (D:1)
35 creatures vanquished.

Notes
Turn   | Place    | Note
-------+----------+-------------------------------------------
     0 | D:1      | gelatine the Minotaur Fighter began the quest for the Orb.
     0 | D:1      | Reached XP level 1. HP: 19/19 MP: 0/0
    67 | D:1      | Reached XP level 2. HP: 24/27 MP: 1/1
   437 | D:1      | Reached XP level 3. HP: 33/33 MP: 2/2
   809 | D:2      | Killed from afar by an orc priest

Illustrated notes

Levels and vault maps discovered:
D:1:      minmay_arrival_nine_rooms, layout_loops_ring, minmay_misc_feat_iff,
          chequers_serial_rivers_room_a, minmay_pentomino_r4
D:2:      layout_rooms, minmay_misc_feat_alley, minmay_misc_feat_diagonals

Skill      XL: |  1  2 |
---------------+-------+-----
Shields        | 4 |  4.2
Fighting       | 4 |  4.2
Armour         | 4 |  4.1
Axes           | |  2.9
Dodging        | |  0.1

Action                   || total
-------------------------++-------
Melee: War axe           ||    44
       Headbutt          ||     6
Armor: Scale mail        ||    22
Dodge: Dodged            ||    28
Block: Buckler           ||     9
